Knights vs Wolves
(R1)
Created - 5 mai 2013 at 19:38
Goals
|
| Knights |
1 |
2 |
1 |
4 |
| Wolves |
3 |
1 |
4 |
8 |
|
Shots
|
| Knights |
14 |
15 |
14 |
43 |
| Wolves |
11 |
13 |
16 |
40 |
|
1st period
1. Wolves , Alexander Perezhogin 39 (Mike Zigomanis, Loïc Lacasse) at 9:56
2. Wolves , Alexander Perezhogin 40 (Geoff Sanderson) at 10:55
3. Wolves , Vyacheslav Kozlov 43 (Rich Peverley) at 15:01
4. Knights , Matt Moulson 32 (Ryan Suter) at 17:05
Penalties :
Bruno Gervais (Min) for Roughing (Minor) at 16:14, Chris Thorburn (Lon) for High sticking (Minor) at 16:14
2nd period
5. Knights , Nathan Gerbe 26 (Steve Downie) at 2:10 (PP)
6. Wolves , Rich Peverley 15 (Chris Neil) at 4:56
7. Knights , Steve Downie 43 (Nigel Dawes, Darroll Powe) at 17:48
Penalties :
Nate Guenin (Min) for Holding (Minor) at 1:18, Nate Guenin (Min) for Hooking (Minor) at 8:53, Garnet Exelby (Lon) for Hooking (Minor) at 19:41
3rd period
8. Wolves , Chris Neil 33 (Rich Peverley, Vyacheslav Kozlov) at 0:24 (PP)
9. Wolves , Geoff Sanderson 37 (Rich Peverley) at 11:47 (SH)
10. Knights , Mats Zuccarello 9 (Jarret Stoll, Chris Thorburn) at 12:18
11. Wolves , Geoff Sanderson 38 (Mike Zigomanis, Alexander Perezhogin) at 16:55 (PP)
12. Wolves , Ethan Moreau 20 (Marc-André Gragnani, Dan Fritsche) at 19:53
Penalties :
Nate Guenin (Min) for Elbowing (Minor) at 1:08, Peter Mueller (Lon) for Slashing (Minor) at 1:08, Chris Thorburn (Lon) for Roughing (Minor) at 5:53, Marc-André Gragnani (Min) for Hooking (Minor) at 9:54, Steve Downie (Lon) for Cross-checking (Minor) at 15:14
Goalie Stats
Dany Sabourin (Lon), 22 saves from 26 shots - (0,846), L, 2-8-4, 35:04 minutes
Michael Leighton (Lon), 10 saves from 14 shots - (0,714), 24:56 minutes
Loïc Lacasse (Min), 39 saves from 43 shots - (0,907), W, 8-2-2, 60:00 minutes
Players Stats for Knights
Player Name G A P +/- PIM S H SB GA TA FO MP PP MP PK MP
------------------------------------------------------------------------------------
Chris Thorburn 0 1 1 -2 4 2 3 0 0 0 0/0 10:51 0:34 0:00
Darroll Powe 0 1 1 0 0 3 1 1 0 0 21/38 21:27 2:40 2:12
Garnet Exelby 0 0 0 -2 2 2 1 1 0 0 0/0 14:40 1:16 0:00
Jarret Stoll 0 1 1 -2 0 3 3 1 0 0 5/6 10:55 0:44 0:07
Joel Ward 0 0 0 -1 0 1 1 0 0 0 0/0 8:13 0:00 0:00
Karlis Skrastins 0 0 0 -2 0 0 0 1 0 0 0/0 16:06 2:12 1:25
Kyle Greentree 0 0 0 -1 0 1 0 0 1 0 0/0 10:11 0:00 1:33
Mats Zuccarello 1 0 1 -2 0 2 0 0 0 0 0/0 11:25 0:06 1:27
Matt Moulson 1 0 1 0 0 3 2 0 1 0 0/0 17:49 2:04 0:00
Nathan Gerbe 1 0 1 0 0 3 1 0 1 0 1/2 11:17 1:10 0:00
Nicklas Grossman 0 0 0 -1 0 1 0 0 0 1 0/0 13:06 0:01 0:00
Nigel Dawes 0 1 1 0 0 4 0 0 0 0 2/2 19:02 2:40 2:12
Nikolai Zherdev 0 0 0 -2 0 4 1 1 0 0 0/0 18:15 2:40 0:56
Peter Mueller 0 0 0 -1 2 0 1 0 0 1 4/11 13:43 0:06 0:00
Ryan Suter 0 1 1 1 0 2 5 2 0 1 0/0 28:23 2:06 1:25
Sheldon Brookbank 0 0 0 -1 0 3 2 4 1 1 0/0 26:27 1:15 2:58
Steve Downie 1 1 2 1 2 7 5 0 0 0 0/1 18:27 1:46 0:19
Zbynek Michalek 0 0 0 -1 0 2 2 0 0 1 0/0 21:17 2:50 2:58
Players Stats for Wolves
Player Name G A P +/- PIM S H SB GA TA FO MP PP MP PK MP
------------------------------------------------------------------------------------
Alexander Perezhogin 2 1 3 0 0 4 3 0 3 1 0/0 15:19 2:08 0:00
Bruno Gervais 0 0 0 0 2 0 0 1 1 0 0/0 19:35 2:21 1:15
Chris Neil 1 1 2 1 0 8 1 3 0 0 6/13 25:03 2:08 2:03
Chris Terry 0 0 0 0 0 0 0 0 0 0 0/0 0:00 0:00 0:00
Cody McLeod 0 0 0 -1 0 2 0 0 0 0 0/0 7:43 0:07 1:07
Dan Fritsche 0 1 1 2 0 0 3 0 0 0 2/6 14:24 0:00 1:35
Ethan Moreau 1 0 1 2 0 3 0 1 0 0 0/0 14:17 0:07 0:41
Geoff Paukovich 0 0 0 0 0 0 0 0 0 0 0/0 0:00 0:00 0:00
Geoff Sanderson 2 1 3 0 0 4 2 0 1 0 0/1 18:12 2:08 0:54
Jonas Junland 0 0 0 1 0 0 1 0 0 0 0/0 14:27 0:00 0:31
Kevin Veilleux 0 0 0 0 0 0 0 0 0 0 0/0 0:00 0:00 0:00
Marc-André Gragnani 0 1 1 2 2 1 0 2 0 1 0/0 14:18 0:00 1:46
Mark Fayne 0 0 0 1 0 0 0 0 0 0 0/0 3:47 0:00 0:43
Matt Gilroy 0 0 0 -1 0 1 3 2 0 0 0/0 19:37 2:21 1:28
Mike Sislo 0 0 0 0 0 0 0 0 0 0 0/0 0:00 0:00 0:00
Mike Zigomanis 0 2 2 0 0 0 0 0 0 0 4/10 15:33 2:08 0:56
Nate Guenin 0 0 0 1 6 2 2 1 0 0 0/0 22:47 2:02 0:53
Nathan Davis 0 0 0 -1 0 0 0 0 0 0 3/5 5:37 0:00 0:00
Petr Kalus 0 0 0 0 0 0 0 0 0 0 0/0 0:00 0:00 0:00
Philippe Boucher 0 0 0 2 0 1 1 3 0 0 0/0 27:57 2:02 3:04
Rich Peverley 1 3 4 2 0 7 4 0 0 0 11/21 18:33 2:08 0:32
Stefan Chaput 0 0 0 0 0 0 0 0 0 0 0/0 0:00 0:00 0:00
Tim Crowder 0 0 0 2 0 0 3 0 0 1 0/0 12:43 0:07 0:00
Vyacheslav Kozlov 1 1 2 2 0 7 2 0 0 1 1/4 21:15 2:08 1:52
3 Stars
1 - Rich Peverley (Min)
2 - Alexander Perezhogin (Min)
3 - Geoff Sanderson (Min)
Power Play
Knights - 1 on 3 Attempt(s) - 33,33%
Wolves - 2 on 3 Attempt(s) - 66,67%
Penalty Kill
Knights - 1 on 3 Attempt(s) - 33,33%
- Score 0 goal in Penalty Kill
Wolves - 2 on 3 Attempt(s) - 66,67%
- Score 1 goal in Penalty Kill
Official
Referees : Kowal Tom and Charron Francis
Linesman : Derek Amell and Derek Nansen
Game Notes
Dany Sabourin enters game at 4:56 of 2nd period
Knights
5 vs 5 Forward
Center Left Wing Right Wing Time % Phy DF OF
1 Darroll Powe Nigel Dawes Steve Downie 32 1 1 3
2 Peter Mueller Matt Moulson Nikolai Zherdev 31 1 1 3
3 Jarret Stoll Mats Zuccarello Chris Thorburn 22 1 1 3
4 Nathan Gerbe Kyle Greentree Joel Ward 15 1 1 3
5 vs 5 Defense
Defense Defense Time % Phy DF OF
1 Ryan Suter Sheldon Brookbank 40 1 2 2
2 Garnet Exelby Zbynek Michalek 30 1 2 2
3 Nicklas Grossman Karlis Skrastins 20 1 2 2
4 Nicklas Grossman Ryan Suter 10 1 2 2
PowerPlay Forward
Center Left Wing Right Wing Time % Phy DF OF
1 Darroll Powe Nigel Dawes Nikolai Zherdev 60 0 0 5
2 Nathan Gerbe Matt Moulson Steve Downie 40 0 0 5
PowerPlay Defense
Defense Defense Time % Phy DF OF
1 Ryan Suter Zbynek Michalek 60 0 1 4
2 Karlis Skrastins Sheldon Brookbank 40 0 1 4
Penalty Kill 4 Players Forward
Center Wing Time % Phy DF OF
1 Darroll Powe Nigel Dawes 60 0 4 1
2 Nikolai Zherdev Steve Downie 40 0 4 1
Penalty Kill 4 Players Defense
Defense Defense Time % Phy DF OF
1 Zbynek Michalek Sheldon Brookbank 60 1 4 0
2 Karlis Skrastins Ryan Suter 40 0 5 0
Penalty Kill - 3 Players Forward
Forward Time % Phy DF OF
1 Darroll Powe 60 1 2 2
2 Nigel Dawes 40 1 2 2
Penalty Kill - 3 Players Defense
Defense Defense Time % Phy DF OF
1 Zbynek Michalek Karlis Skrastins 60 1 2 2
2 Sheldon Brookbank Garnet Exelby 40 1 2 2
4 vs 4 Forward
Center Wing Time % Phy DF OF
1 Darroll Powe Steve Downie 60 1 2 2
2 Nathan Gerbe Matt Moulson 40 1 2 2
4 vs 4 Defense
Defense Defense Time % Phy DF OF
1 Karlis Skrastins Sheldon Brookbank 60 1 2 2
2 Zbynek Michalek Ryan Suter 40 1 2 2
Last Minutes Offensive
Center Left Wing Right Wing Defense Defense
Darroll Powe Nigel Dawes Nikolai Zherdev Ryan Suter Sheldon Brookbank
Last Minutes Defensive
Center Left Wing Right Wing Defense Defense
Darroll Powe Nigel Dawes Steve Downie Karlis Skrastins Sheldon Brookbank
Goaltenders
Starting : Michael Leighton
Backup : Dany Sabourin
Extra Forwards
Normal : Matt Moulson, Steve Downie, Nikolai Zherdev - PP : Nigel Dawes, Steve Downie - PK : Mats Zuccarello
Extra Defensemen
Normal : Ryan Suter, Garnet Exelby, Zbynek Michalek - PP : Ryan Suter - PK : Ryan Suter, Garnet Exelby
Penalty Shots
Nikolai Zherdev, Nathan Gerbe, Nigel Dawes, Matt Moulson, Mats Zuccarello
Wolves
5 vs 5 Forward
Center Left Wing Right Wing Time % Phy DF OF
1 Rich Peverley Vyacheslav Kozlov Chris Neil 40 1 2 2
2 Mike Zigomanis Geoff Sanderson Alexander Perezhogin 30 1 2 2
3 Dan Fritsche Ethan Moreau Tim Crowder 20 1 2 2
4 Nathan Davis Cody McLeod Chris Neil 10 1 2 2
5 vs 5 Defense
Defense Defense Time % Phy DF OF
1 Philippe Boucher Nate Guenin 40 1 2 2
2 Bruno Gervais Matt Gilroy 30 1 2 2
3 Jonas Junland Marc-André Gragnani 20 1 2 2
4 Mark Fayne Philippe Boucher 10 1 2 2
PowerPlay Forward
Center Left Wing Right Wing Time % Phy DF OF
1 Rich Peverley Vyacheslav Kozlov Chris Neil 60 1 2 2
2 Mike Zigomanis Geoff Sanderson Alexander Perezhogin 40 1 2 2
PowerPlay Defense
Defense Defense Time % Phy DF OF
1 Philippe Boucher Nate Guenin 60 1 2 2
2 Bruno Gervais Matt Gilroy 40 1 2 2
Penalty Kill 4 Players Forward
Center Wing Time % Phy DF OF
1 Chris Neil Vyacheslav Kozlov 60 1 2 2
2 Geoff Sanderson Rich Peverley 40 1 2 2
Penalty Kill 4 Players Defense
Defense Defense Time % Phy DF OF
1 Philippe Boucher Nate Guenin 60 1 2 2
2 Bruno Gervais Matt Gilroy 40 1 2 2
Penalty Kill - 3 Players Forward
Forward Time % Phy DF OF
1 Chris Neil 60 1 2 2
2 Vyacheslav Kozlov 40 1 2 2
Penalty Kill - 3 Players Defense
Defense Defense Time % Phy DF OF
1 Philippe Boucher Nate Guenin 60 1 2 2
2 Bruno Gervais Matt Gilroy 40 1 2 2
4 vs 4 Forward
Center Wing Time % Phy DF OF
1 Chris Neil Vyacheslav Kozlov 60 1 2 2
2 Geoff Sanderson Rich Peverley 40 1 2 2
4 vs 4 Defense
Defense Defense Time % Phy DF OF
1 Philippe Boucher Nate Guenin 60 1 2 2
2 Bruno Gervais Matt Gilroy 40 1 2 2
Last Minutes Offensive
Center Left Wing Right Wing Defense Defense
Rich Peverley Vyacheslav Kozlov Chris Neil Philippe Boucher Nate Guenin
Last Minutes Defensive
Center Left Wing Right Wing Defense Defense
Rich Peverley Vyacheslav Kozlov Chris Neil Philippe Boucher Nate Guenin
Goaltenders
Starting : Loïc Lacasse
Backup : Julien Ellis
Extra Forwards
Normal : Ethan Moreau, Cody McLeod, Dan Fritsche - PP : Ethan Moreau, Cody McLeod - PK : Dan Fritsche
Extra Defensemen
Normal : Jonas Junland, Marc-André Gragnani, Mark Fayne - PP : Jonas Junland - PK : Marc-André Gragnani, Mark Fayne
Penalty Shots
Chris Neil, Vyacheslav Kozlov, Geoff Sanderson, Rich Peverley, Ethan Moreau
% Time on Ice - Knights
Lines # - Real PCT - Wanted PCT - Time Play
Normal Forward
1 - 33% - 32% - 15:32
2 - 28% - 31% - 13:18
3 - 21% - 22% - 9:46
4 - 18% - 15% - 8:13
Normal Defense
1 - 42% - 40% - 19:34
2 - 30% - 30% - 14:12
3 - 19% - 20% - 8:41
4 - 9% - 10% - 4:22
PP Forward
1 - 67% - 60% - 3:14
2 - 33% - 40% - 1:36
PP Defense
1 - 65% - 60% - 3:08
2 - 35% - 40% - 1:42
PK Forward
1 - 79% - 60% - 3:27
2 - 21% - 40% - 0:56
PK Defense
1 - 68% - 60% - 2:58
2 - 32% - 40% - 1:25
PK3 Forward
1 - 0% - 60%
2 - 0% - 40%
PK3 Defense
1 - 0% - 60%
2 - 0% - 40%
44 Forward
1 - 78% - 60% - 3:06
2 - 22% - 40% - 0:52
44 Defense
1 - 63% - 60% - 2:31
2 - 37% - 40% - 1:27
Last Minute Offensive - 0:00
Last Minute Defensive - 0:00
Total
Forward - 60:00
Defense - 60:00
|
% Time on Ice - Wolves
Lines # - Real PCT - Wanted PCT - Time Play
Normal Forward
1 - 33% - 40% - 15:27
2 - 30% - 30% - 13:53
3 - 26% - 20% - 12:14
4 - 11% - 10% - 5:15
Normal Defense
1 - 40% - 40% - 18:54
2 - 30% - 30% - 14:00
3 - 26% - 20% - 12:08
4 - 4% - 10% - 1:47
PP Forward
1 - 51% - 60% - 2:15
2 - 49% - 40% - 2:08
PP Defense
1 - 46% - 60% - 2:02
2 - 54% - 40% - 2:21
PK Forward
1 - 81% - 60% - 3:56
2 - 19% - 40% - 0:54
PK Defense
1 - 77% - 60% - 3:44
2 - 23% - 40% - 1:06
PK3 Forward
1 - 0% - 60%
2 - 0% - 40%
PK3 Defense
1 - 0% - 60%
2 - 0% - 40%
44 Forward
1 - 68% - 60% - 2:41
2 - 32% - 40% - 1:17
44 Defense
1 - 55% - 60% - 2:10
2 - 45% - 40% - 1:48
Last Minute Offensive - 0:00
Last Minute Defensive - 0:00
Total
Forward - 60:00
Defense - 60:00
|
Play by Play
1st period
0:01 of 1st period - Rich Peverley wins face-off versus Darroll Powe in neutral zone.
1:21 of 1st period - Wrist shot by Chris Neil.
1:21 of 1st period - Stopped by Michael Leighton with a rebound.
1:50 of 1st period - Off-side.
1:51 of 1st period - Peter Mueller wins face-off versus Mike Zigomanis in neutral zone.
2:00 of 1st period - Nicklas Grossman is hit by Alexander Perezhogin and loses puck.
3:33 of 1st period - Snap shot by Joel Ward.
3:33 of 1st period - Shot Blocked by Chris Neil.
3:35 of 1st period - Slapshot by Sheldon Brookbank.
3:35 of 1st period - Shot Blocked by Bruno Gervais.
3:37 of 1st period - Slapshot by Ryan Suter.
3:37 of 1st period - Stopped by Loïc Lacasse with a rebound.
3:58 of 1st period - Bruno Gervais is hit by Jarret Stoll and loses puck.
5:05 of 1st period - Snap shot by Jarret Stoll.
5:05 of 1st period - Stopped by Loïc Lacasse with a rebound.
5:17 of 1st period - Nathan Davis is hit by Steve Downie and loses puck.
5:23 of 1st period - Icing by Nathan Davis.
5:24 of 1st period - Nathan Davis wins face-off versus Peter Mueller in Wolves zone.
5:37 of 1st period - Backhand shot by Nikolai Zherdev.
5:37 of 1st period - Shot Misses the Net.
7:09 of 1st period - Matt Moulson is hit by Nate Guenin and loses puck.
7:22 of 1st period - Wrist shot by Jarret Stoll.
7:22 of 1st period - Stopped by Loïc Lacasse without a rebound.
7:23 of 1st period - Dan Fritsche wins face-off versus Jarret Stoll in Wolves zone.
7:23 of 1st period - Dan Fritsche is hit by Jarret Stoll.
7:38 of 1st period - Snap shot by Mats Zuccarello.
7:38 of 1st period - Stopped by Loïc Lacasse without a rebound.
7:39 of 1st period - Mike Zigomanis wins face-off versus Steve Downie in Wolves zone.
7:53 of 1st period - Snap shot by Steve Downie.
7:53 of 1st period - Shot Misses the Net.
7:55 of 1st period - Slapshot by Steve Downie.
7:55 of 1st period - Stopped by Loïc Lacasse without a rebound.
7:56 of 1st period - Peter Mueller wins face-off versus Rich Peverley in Wolves zone.
8:28 of 1st period - Philippe Boucher is hit by Steve Downie.
8:50 of 1st period - Backhand shot by Nathan Gerbe.
8:50 of 1st period - Shot Misses the Net.
8:52 of 1st period - Snap shot by Garnet Exelby.
8:52 of 1st period - Deflect By Nathan Gerbe.
8:52 of 1st period - Stopped by Loïc Lacasse with a rebound.
9:04 of 1st period - Wrist shot by Nikolai Zherdev.
9:04 of 1st period - Shot Misses the Net.
9:06 of 1st period - Snap shot by Sheldon Brookbank.
9:06 of 1st period - Deflect By Nikolai Zherdev.
9:06 of 1st period - Shot Misses the Net.
9:06 of 1st period - Puck is out of play.
9:07 of 1st period - Rich Peverley wins face-off versus Peter Mueller in Wolves zone.
9:40 of 1st period - Wrist shot by Nigel Dawes.
9:40 of 1st period - Stopped by Loïc Lacasse with a rebound.
9:56 of 1st period - Wrist shot by Alexander Perezhogin.
9:56 of 1st period - Goal by Alexander Perezhogin - Knights : 0 - Wolves : 1.
9:57 of 1st period - Darroll Powe wins face-off versus Vyacheslav Kozlov in neutral zone.
10:10 of 1st period - Slapshot by Steve Downie.
10:10 of 1st period - Shot Blocked by Matt Gilroy.
10:22 of 1st period - Sheldon Brookbank is hit by Dan Fritsche and loses puck.
10:33 of 1st period - Slapshot by Ethan Moreau.
10:33 of 1st period - Shot Misses the Net.
10:35 of 1st period - Slapshot by Matt Gilroy.
10:35 of 1st period - Shot Blocked by Sheldon Brookbank.
10:49 of 1st period - Snap shot by Alexander Perezhogin.
10:49 of 1st period - Shot Misses the Net.
10:51 of 1st period - Snap shot by Alexander Perezhogin.
10:51 of 1st period - Stopped by Michael Leighton with a rebound.
10:53 of 1st period - Snap shot by Alexander Perezhogin.
10:53 of 1st period - Shot Blocked by Ryan Suter.
10:55 of 1st period - Wrist shot by Alexander Perezhogin.
10:55 of 1st period - Goal by Alexander Perezhogin - Knights : 0 - Wolves : 2.
10:56 of 1st period - Darroll Powe wins face-off versus Rich Peverley in neutral zone.
11:01 of 1st period - Snap shot by Steve Downie.
11:01 of 1st period - Stopped by Loïc Lacasse with a rebound.
11:03 of 1st period - Snap shot by Steve Downie.
11:03 of 1st period - Deflect By Darroll Powe.
11:03 of 1st period - Shot Misses the Net.
11:03 of 1st period - Puck is out of play.
11:04 of 1st period - Rich Peverley wins face-off versus Darroll Powe in Wolves zone.
11:41 of 1st period - Snap shot by Geoff Sanderson.
11:41 of 1st period - Shot Misses the Net.
12:04 of 1st period - Snap shot by Chris Thorburn.
12:04 of 1st period - Shot Misses the Net.
12:06 of 1st period - Slapshot by Garnet Exelby.
12:06 of 1st period - Stopped by Loïc Lacasse with a rebound.
12:08 of 1st period - Wrist shot by Chris Thorburn.
12:08 of 1st period - Shot Misses the Net.
12:43 of 1st period - Alexander Perezhogin is hit by Joel Ward and loses puck.
13:31 of 1st period - Dan Fritsche is hit by Ryan Suter and loses puck.
13:44 of 1st period - Mats Zuccarello is hit by Rich Peverley.
13:52 of 1st period - Rich Peverley is hit by Chris Thorburn and loses puck.
14:03 of 1st period - Chris Neil is hit by Garnet Exelby and loses puck.
14:10 of 1st period - Snap shot by Vyacheslav Kozlov.
14:10 of 1st period - Deflect By Rich Peverley.
14:10 of 1st period - Stopped by Michael Leighton without a rebound.
14:11 of 1st period - Peter Mueller wins face-off versus Mike Zigomanis in Knights zone.
14:18 of 1st period - Snap shot by Nikolai Zherdev.
14:18 of 1st period - Stopped by Loïc Lacasse with a rebound.
14:20 of 1st period - Slapshot by Nikolai Zherdev.
14:20 of 1st period - Shot Misses the Net.
14:22 of 1st period - Slapshot by Sheldon Brookbank.
14:22 of 1st period - Stopped by Loïc Lacasse without a rebound.
14:23 of 1st period - Mike Zigomanis wins face-off versus Darroll Powe in Wolves zone.
14:23 of 1st period - Mike Zigomanis is hit by Sheldon Brookbank.
14:55 of 1st period - Snap shot by Ethan Moreau.
14:55 of 1st period - Shot Blocked by Ryan Suter.
14:57 of 1st period - Slapshot by Matt Gilroy.
14:57 of 1st period - Stopped by Michael Leighton without a rebound.
14:58 of 1st period - Rich Peverley wins face-off versus Peter Mueller in Knights zone.
15:01 of 1st period - Snap shot by Vyacheslav Kozlov.
15:01 of 1st period - Goal by Vyacheslav Kozlov - Knights : 0 - Wolves : 3.
15:02 of 1st period - Darroll Powe wins face-off versus Rich Peverley in neutral zone.
15:43 of 1st period - Ethan Moreau is hit by Peter Mueller and loses puck.
15:54 of 1st period - Nate Guenin is hit by Zbynek Michalek and loses puck.
16:14 of 1st period - Minor Penalty to Bruno Gervais for Roughing.
16:14 of 1st period - Minor Penalty to Chris Thorburn for High sticking.
16:15 of 1st period - Darroll Powe wins face-off versus Chris Neil in neutral zone.
16:20 of 1st period - Snap shot by Sheldon Brookbank.
16:20 of 1st period - Shot Blocked by Chris Neil.
16:46 of 1st period - Sheldon Brookbank is hit by Matt Gilroy and loses puck.
17:05 of 1st period - Slapshot by Ryan Suter.
17:05 of 1st period - Deflect By Matt Moulson.
17:05 of 1st period - Goal by Matt Moulson - Knights : 1 - Wolves : 3.
17:06 of 1st period - Chris Neil wins face-off versus Darroll Powe in neutral zone.
17:29 of 1st period - Vyacheslav Kozlov is hit by Steve Downie and loses puck.
17:42 of 1st period - Snap shot by Rich Peverley.
17:42 of 1st period - Shot Blocked by Sheldon Brookbank.
17:48 of 1st period - Backhand shot by Matt Moulson.
17:48 of 1st period - Stopped by Loïc Lacasse without a rebound.
17:49 of 1st period - Darroll Powe wins face-off versus Vyacheslav Kozlov in Wolves zone.
17:54 of 1st period - Slapshot by Darroll Powe.
17:54 of 1st period - Stopped by Loïc Lacasse with a rebound.
18:14 of 1st period - Penalty to Bruno Gervais is over, Bruno Gervais is back on ice.
18:14 of 1st period - Penalty to Chris Thorburn is over, Chris Thorburn is back on ice.
18:14 of 1st period - Rich Peverley is hit by Matt Moulson and loses puck.
18:31 of 1st period - Slapshot by Rich Peverley.
18:31 of 1st period - Stopped by Michael Leighton with a rebound.
18:33 of 1st period - Snap shot by Rich Peverley.
18:33 of 1st period - Stopped by Michael Leighton with a rebound.
18:47 of 1st period - Wrist shot by Rich Peverley.
18:47 of 1st period - Stopped by Michael Leighton with a rebound.
19:15 of 1st period - Wrist shot by Geoff Sanderson.
19:15 of 1st period - Stopped by Michael Leighton without a rebound.
19:16 of 1st period - Nathan Davis wins face-off versus Darroll Powe in Knights zone.
19:33 of 1st period - Steve Downie is hit by Chris Neil and loses puck.
2nd period
0:01 of 2nd period - Darroll Powe wins face-off versus Chris Neil in neutral zone.
0:04 of 2nd period - Snap shot by Darroll Powe.
0:04 of 2nd period - Shot Misses the Net.
0:06 of 2nd period - Slapshot by Sheldon Brookbank.
0:06 of 2nd period - Stopped by Loïc Lacasse without a rebound.
0:07 of 2nd period - Rich Peverley wins face-off versus Darroll Powe in Wolves zone.
1:18 of 2nd period - Minor Penalty to Nate Guenin for Holding.
1:19 of 2nd period - Chris Neil wins face-off versus Darroll Powe in Wolves zone.
1:33 of 2nd period - Snap shot by Vyacheslav Kozlov.
1:33 of 2nd period - Shot Misses the Net.
1:35 of 2nd period - Slapshot by Philippe Boucher.
1:35 of 2nd period - Stopped by Michael Leighton with a rebound.
1:42 of 2nd period - Icing by Darroll Powe.
1:43 of 2nd period - Chris Neil wins face-off versus Darroll Powe in Knights zone.
1:48 of 2nd period - Slapshot by Philippe Boucher.
1:48 of 2nd period - Deflect By Vyacheslav Kozlov.
1:48 of 2nd period - Stopped by Michael Leighton with a rebound.
2:05 of 2nd period - Philippe Boucher is hit by Ryan Suter and loses puck.
2:10 of 2nd period - Slapshot by Nathan Gerbe.
2:10 of 2nd period - Goal by Nathan Gerbe - Knights : 2 - Wolves : 3.
2:11 of 2nd period - Mike Zigomanis wins face-off versus Darroll Powe in neutral zone.
2:44 of 2nd period - Slapshot by Zbynek Michalek.
2:44 of 2nd period - Stopped by Loïc Lacasse with a rebound.
2:46 of 2nd period - Slapshot by Zbynek Michalek.
2:46 of 2nd period - Deflect By Vyacheslav Kozlov.
2:46 of 2nd period - Stopped by Loïc Lacasse with a rebound.
3:04 of 2nd period - Slapshot by Philippe Boucher.
3:04 of 2nd period - Shot Blocked by Nikolai Zherdev.
3:36 of 2nd period - Chris Neil is hit by Ryan Suter.
3:42 of 2nd period - Snap shot by Darroll Powe.
3:42 of 2nd period - Shot Blocked by Philippe Boucher.
3:44 of 2nd period - Snap shot by Steve Downie.
3:44 of 2nd period - Stopped by Loïc Lacasse with a rebound.
3:46 of 2nd period - Snap shot by Darroll Powe.
3:46 of 2nd period - Shot Blocked by Nate Guenin.
4:08 of 2nd period - Sheldon Brookbank is hit by Tim Crowder and loses puck.
4:44 of 2nd period - Wrist shot by Joel Ward.
4:44 of 2nd period - Shot Blocked by Matt Gilroy.
4:56 of 2nd period - Snap shot by Rich Peverley.
4:56 of 2nd period - Goal by Rich Peverley - Knights : 2 - Wolves : 4.
4:56 of 2nd period - Dany Sabourin enters game.
4:57 of 2nd period - Darroll Powe wins face-off versus Rich Peverley in neutral zone.
5:00 of 2nd period - Slapshot by Garnet Exelby.
5:00 of 2nd period - Stopped by Loïc Lacasse with a rebound.
5:22 of 2nd period - Jonas Junland is hit by Chris Thorburn and loses puck.
5:47 of 2nd period - Slapshot by Nikolai Zherdev.
5:47 of 2nd period - Stopped by Loïc Lacasse without a rebound.
5:48 of 2nd period - Darroll Powe wins face-off versus Dan Fritsche in Wolves zone.
5:55 of 2nd period - Wrist shot by Steve Downie.
5:55 of 2nd period - Stopped by Loïc Lacasse with a rebound.
6:35 of 2nd period - Dan Fritsche is hit by Nathan Gerbe and loses puck.
6:42 of 2nd period - Nathan Gerbe is hit by Tim Crowder and loses puck.
6:48 of 2nd period - Icing by Ryan Suter.
6:49 of 2nd period - Nathan Gerbe wins face-off versus Rich Peverley in Knights zone.
7:19 of 2nd period - Nathan Gerbe is hit by Vyacheslav Kozlov and loses puck.
8:52 of 2nd period - Off-side.
8:53 of 2nd period - Darroll Powe wins face-off versus Mike Zigomanis in neutral zone.
8:53 of 2nd period - Minor Penalty to Nate Guenin for Hooking.
8:54 of 2nd period - Darroll Powe wins face-off versus Geoff Sanderson in Wolves zone.
9:09 of 2nd period - Wrist shot by Geoff Sanderson.
9:09 of 2nd period - Stopped by Dany Sabourin with a rebound.
10:50 of 2nd period - Mark Fayne is hit by Chris Thorburn and loses puck.
10:53 of 2nd period - Penalty to Nate Guenin is over, Nate Guenin is back on ice.
11:07 of 2nd period - Slapshot by Geoff Sanderson.
11:07 of 2nd period - Shot Misses the Net.
11:09 of 2nd period - Slapshot by Mark Fayne.
11:09 of 2nd period - Deflect By Geoff Sanderson.
11:09 of 2nd period - Shot Misses the Net.
11:09 of 2nd period - Puck is out of play.
11:10 of 2nd period - Jarret Stoll wins face-off versus Nathan Davis in Knights zone.
11:33 of 2nd period - Nikolai Zherdev is hit by Jonas Junland and loses puck.
12:39 of 2nd period - Sheldon Brookbank is hit by Matt Gilroy and loses puck.
13:02 of 2nd period - Ryan Suter is hit by Dan Fritsche and loses puck.
13:13 of 2nd period - Nate Guenin is hit by Matt Moulson and loses puck.
13:35 of 2nd period - Alexander Perezhogin is hit by Steve Downie and loses puck.
14:06 of 2nd period - Wrist shot by Rich Peverley.
14:06 of 2nd period - Shot Misses the Net.
14:08 of 2nd period - Wrist shot by Vyacheslav Kozlov.
14:08 of 2nd period - Shot Misses the Net.
14:22 of 2nd period - Snap shot by Nathan Gerbe.
14:22 of 2nd period - Shot Hit the Post.
15:10 of 2nd period - Matt Moulson is hit by Rich Peverley.
15:22 of 2nd period - Wrist shot by Joel Ward.
15:22 of 2nd period - Stopped by Loïc Lacasse with a rebound.
15:24 of 2nd period - Snap shot by Zbynek Michalek.
15:24 of 2nd period - Deflect By Nathan Gerbe.
15:24 of 2nd period - Shot Misses the Net.
15:24 of 2nd period - Puck is out of play.
15:25 of 2nd period - Dan Fritsche wins face-off versus Nathan Gerbe in Wolves zone.
15:34 of 2nd period - Snap shot by Dan Fritsche.
15:34 of 2nd period - Shot Misses the Net.
15:46 of 2nd period - Wrist shot by Nigel Dawes.
15:46 of 2nd period - Stopped by Loïc Lacasse with a rebound.
16:05 of 2nd period - Snap shot by Vyacheslav Kozlov.
16:05 of 2nd period - Stopped by Dany Sabourin with a rebound.
16:07 of 2nd period - Snap shot by Chris Neil.
16:07 of 2nd period - Stopped by Dany Sabourin without a rebound.
16:08 of 2nd period - Jarret Stoll wins face-off versus Rich Peverley in Knights zone.
16:45 of 2nd period - Slapshot by Rich Peverley.
16:45 of 2nd period - Shot Misses the Net.
16:47 of 2nd period - Snap shot by Chris Neil.
16:47 of 2nd period - Stopped by Dany Sabourin without a rebound.
16:48 of 2nd period - Darroll Powe wins face-off versus Mike Zigomanis in Knights zone.
16:48 of 2nd period - Darroll Powe is hit by Geoff Sanderson.
17:21 of 2nd period - Snap shot by Nikolai Zherdev.
17:21 of 2nd period - Shot Blocked by Marc-André Gragnani.
17:33 of 2nd period - Wrist shot by Cody McLeod.
17:33 of 2nd period - Stopped by Dany Sabourin with a rebound.
17:37 of 2nd period - Snap shot by Cody McLeod.
17:37 of 2nd period - Stopped by Dany Sabourin without a rebound.
17:38 of 2nd period - Darroll Powe wins face-off versus Nathan Davis in Knights zone.
17:38 of 2nd period - Darroll Powe is hit by Nate Guenin.
17:48 of 2nd period - Wrist shot by Steve Downie.
17:48 of 2nd period - Goal by Steve Downie - Knights : 3 - Wolves : 4.
17:49 of 2nd period - Darroll Powe wins face-off versus Rich Peverley in neutral zone.
17:52 of 2nd period - Vyacheslav Kozlov is hit by Steve Downie and loses puck.
17:57 of 2nd period - Snap shot by Nigel Dawes.
17:57 of 2nd period - Shot Misses the Net.
17:59 of 2nd period - Snap shot by Steve Downie.
17:59 of 2nd period - Stopped by Loïc Lacasse with a rebound.
18:01 of 2nd period - Snap shot by Nigel Dawes.
18:01 of 2nd period - Stopped by Loïc Lacasse with a rebound.
18:03 of 2nd period - Snap shot by Nicklas Grossman.
18:03 of 2nd period - Stopped by Loïc Lacasse with a rebound.
18:05 of 2nd period - Slapshot by Ryan Suter.
18:05 of 2nd period - Stopped by Loïc Lacasse with a rebound.
18:38 of 2nd period - Slapshot by Ethan Moreau.
18:38 of 2nd period - Deflect By Chris Thorburn.
18:38 of 2nd period - Stopped by Dany Sabourin with a rebound.
18:40 of 2nd period - Slapshot by Nate Guenin.
18:40 of 2nd period - Stopped by Dany Sabourin without a rebound.
18:41 of 2nd period - Rich Peverley wins face-off versus Darroll Powe in Knights zone.
18:42 of 2nd period - Slapshot by Chris Neil.
18:42 of 2nd period - Stopped by Dany Sabourin without a rebound.
18:43 of 2nd period - Darroll Powe wins face-off versus Chris Neil in Knights zone.
19:19 of 2nd period - Slapshot by Alexander Perezhogin.
19:19 of 2nd period - Stopped by Dany Sabourin without a rebound.
19:20 of 2nd period - Nigel Dawes wins face-off versus Chris Neil in Knights zone.
19:20 of 2nd period - Nigel Dawes is hit by Rich Peverley.
19:41 of 2nd period - Minor Penalty to Garnet Exelby for Hooking.
19:42 of 2nd period - Darroll Powe wins face-off versus Rich Peverley in Knights zone.
19:42 of 2nd period - Darroll Powe is hit by Vyacheslav Kozlov.
19:50 of 2nd period - Backhand shot by Rich Peverley.
19:50 of 2nd period - Shot Misses the Net.
19:52 of 2nd period - Slapshot by Philippe Boucher.
19:52 of 2nd period - Deflect By Rich Peverley.
19:52 of 2nd period - Shot Blocked by Sheldon Brookbank.
19:52 of 2nd period - Puck is out of play.
19:53 of 2nd period - Darroll Powe wins face-off versus Vyacheslav Kozlov in Knights zone.
3rd period
0:01 of 3rd period - Vyacheslav Kozlov wins face-off versus Darroll Powe in neutral zone.
0:12 of 3rd period - Snap shot by Chris Neil.
0:12 of 3rd period - Deflect By Vyacheslav Kozlov.
0:12 of 3rd period - Stopped by Dany Sabourin without a rebound.
0:13 of 3rd period - Rich Peverley wins face-off versus Darroll Powe in Knights zone.
0:16 of 3rd period - Wrist shot by Chris Neil.
0:16 of 3rd period - Stopped by Dany Sabourin with a rebound.
0:18 of 3rd period - Snap shot by Vyacheslav Kozlov.
0:18 of 3rd period - Shot Misses the Net.
0:20 of 3rd period - Slapshot by Rich Peverley.
0:20 of 3rd period - Shot Blocked by Darroll Powe.
0:22 of 3rd period - Wrist shot by Rich Peverley.
0:22 of 3rd period - Stopped by Dany Sabourin with a rebound.
0:24 of 3rd period - Wrist shot by Chris Neil.
0:24 of 3rd period - Goal by Chris Neil - Knights : 3 - Wolves : 5.
0:25 of 3rd period - Darroll Powe wins face-off versus Rich Peverley in neutral zone.
0:51 of 3rd period - Mike Zigomanis is hit by Ryan Suter and loses puck.
1:08 of 3rd period - Minor Penalty to Nate Guenin for Elbowing.
1:08 of 3rd period - Minor Penalty to Peter Mueller for Slashing.
1:09 of 3rd period - Darroll Powe wins face-off versus Chris Neil in neutral zone.
2:19 of 3rd period - Wrist shot by Cody McLeod.
2:19 of 3rd period - Shot Misses the Net.
2:47 of 3rd period - Jonas Junland is hit by Jarret Stoll and loses puck.
2:54 of 3rd period - Wrist shot by Kyle Greentree.
2:54 of 3rd period - Stopped by Loïc Lacasse with a rebound.
2:56 of 3rd period - Snap shot by Sheldon Brookbank.
2:56 of 3rd period - Shot Misses the Net.
3:08 of 3rd period - Penalty to Nate Guenin is over, Nate Guenin is back on ice.
3:08 of 3rd period - Penalty to Peter Mueller is over, Peter Mueller is back on ice.
3:42 of 3rd period - Nate Guenin is hit by Sheldon Brookbank and loses puck.
3:47 of 3rd period - Snap shot by Matt Moulson.
3:47 of 3rd period - Shot Misses the Net.
3:49 of 3rd period - Slapshot by Sheldon Brookbank.
3:49 of 3rd period - Shot Blocked by Chris Neil.
3:51 of 3rd period - Slapshot by Matt Moulson.
3:51 of 3rd period - Stopped by Loïc Lacasse with a rebound.
3:53 of 3rd period - Slapshot by Karlis Skrastins.
3:53 of 3rd period - Shot Misses the Net.
3:55 of 3rd period - Slapshot by Karlis Skrastins.
3:55 of 3rd period - Shot Blocked by Philippe Boucher.
4:13 of 3rd period - Snap shot by Nikolai Zherdev.
4:13 of 3rd period - Stopped by Loïc Lacasse with a rebound.
4:15 of 3rd period - Slapshot by Sheldon Brookbank.
4:15 of 3rd period - Deflect By Philippe Boucher.
4:15 of 3rd period - Stopped by Loïc Lacasse with a rebound.
4:17 of 3rd period - Slapshot by Sheldon Brookbank.
4:17 of 3rd period - Shot Blocked by Marc-André Gragnani.
4:21 of 3rd period - Snap shot by Matt Moulson.
4:21 of 3rd period - Shot Misses the Net.
4:23 of 3rd period - Wrist shot by Nikolai Zherdev.
4:23 of 3rd period - Stopped by Loïc Lacasse without a rebound.
4:24 of 3rd period - Jarret Stoll wins face-off versus Mike Zigomanis in Wolves zone.
4:25 of 3rd period - Snap shot by Chris Thorburn.
4:25 of 3rd period - Stopped by Loïc Lacasse with a rebound.
4:51 of 3rd period - Slapshot by Ethan Moreau.
4:51 of 3rd period - Stopped by Dany Sabourin without a rebound.
4:52 of 3rd period - Nigel Dawes wins face-off versus Dan Fritsche in Knights zone.
5:01 of 3rd period - Wrist shot by Darroll Powe.
5:01 of 3rd period - Shot Blocked by Ethan Moreau.
5:48 of 3rd period - Snap shot by Darroll Powe.
5:48 of 3rd period - Deflect By Steve Downie.
5:48 of 3rd period - Shot Misses the Net.
5:48 of 3rd period - Puck is out of play.
5:49 of 3rd period - Jarret Stoll wins face-off versus Dan Fritsche in Wolves zone.
5:50 of 3rd period - Slapshot by Mats Zuccarello.
5:50 of 3rd period - Shot Misses the Net.
5:53 of 3rd period - Minor Penalty to Chris Thorburn for Roughing.
5:54 of 3rd period - Rich Peverley wins face-off versus Darroll Powe in Knights zone.
7:34 of 3rd period - Sheldon Brookbank is hit by Alexander Perezhogin and loses puck.
7:53 of 3rd period - Penalty to Chris Thorburn is over, Chris Thorburn is back on ice.
9:30 of 3rd period - Mike Zigomanis is hit by Zbynek Michalek.
9:54 of 3rd period - Minor Penalty to Marc-André Gragnani for Hooking.
9:55 of 3rd period - Darroll Powe wins face-off versus Chris Neil in Wolves zone.
9:58 of 3rd period - Wrist shot by Nigel Dawes.
9:58 of 3rd period - Stopped by Loïc Lacasse without a rebound.
9:59 of 3rd period - Darroll Powe wins face-off versus Chris Neil in Wolves zone.
10:34 of 3rd period - Snap shot by Nathan Gerbe.
10:34 of 3rd period - Stopped by Loïc Lacasse with a rebound.
11:18 of 3rd period - Philippe Boucher is hit by Darroll Powe.
11:47 of 3rd period - Wrist shot by Geoff Sanderson.
11:47 of 3rd period - Goal by Geoff Sanderson - Knights : 3 - Wolves : 6.
11:48 of 3rd period - Chris Neil wins face-off versus Darroll Powe in neutral zone.
11:53 of 3rd period - Snap shot by Vyacheslav Kozlov.
11:53 of 3rd period - Stopped by Dany Sabourin with a rebound.
11:54 of 3rd period - Penalty to Marc-André Gragnani is over, Marc-André Gragnani is back on ice.
12:01 of 3rd period - Snap shot by Vyacheslav Kozlov.
12:01 of 3rd period - Stopped by Dany Sabourin without a rebound.
12:02 of 3rd period - Jarret Stoll wins face-off versus Mike Zigomanis in Knights zone.
12:02 of 3rd period - Jarret Stoll is hit by Alexander Perezhogin.
12:12 of 3rd period - Wrist shot by Chris Thorburn.
12:12 of 3rd period - Stopped by Loïc Lacasse with a rebound.
12:14 of 3rd period - Wrist shot by Jarret Stoll.
12:14 of 3rd period - Shot Misses the Net.
12:16 of 3rd period - Snap shot by Jarret Stoll.
12:16 of 3rd period - Stopped by Loïc Lacasse with a rebound.
12:18 of 3rd period - Wrist shot by Mats Zuccarello.
12:18 of 3rd period - Goal by Mats Zuccarello - Knights : 4 - Wolves : 6.
12:19 of 3rd period - Chris Neil wins face-off versus Peter Mueller in neutral zone.
12:21 of 3rd period - Philippe Boucher is hit by Ryan Suter and loses puck.
12:24 of 3rd period - Slapshot by Vyacheslav Kozlov.
12:24 of 3rd period - Shot Blocked by Sheldon Brookbank.
12:26 of 3rd period - Snap shot by Vyacheslav Kozlov.
12:26 of 3rd period - Stopped by Dany Sabourin without a rebound.
12:27 of 3rd period - Peter Mueller wins face-off versus Rich Peverley in Knights zone.
12:56 of 3rd period - Backhand shot by Darroll Powe.
12:56 of 3rd period - Stopped by Loïc Lacasse with a rebound.
12:58 of 3rd period - Slapshot by Darroll Powe.
12:58 of 3rd period - Stopped by Loïc Lacasse with a rebound.
13:00 of 3rd period - Wrist shot by Steve Downie.
13:00 of 3rd period - Stopped by Loïc Lacasse with a rebound.
13:02 of 3rd period - Slapshot by Ryan Suter.
13:02 of 3rd period - Shot Blocked by Philippe Boucher.
13:18 of 3rd period - Wrist shot by Ethan Moreau.
13:18 of 3rd period - Shot Misses the Net.
13:20 of 3rd period - Slapshot by Nate Guenin.
13:20 of 3rd period - Stopped by Dany Sabourin without a rebound.
13:21 of 3rd period - Rich Peverley wins face-off versus Peter Mueller in Knights zone.
13:32 of 3rd period - Wrist shot by Chris Neil.
13:32 of 3rd period - Stopped by Dany Sabourin with a rebound.
13:34 of 3rd period - Slapshot by Bruno Gervais.
13:34 of 3rd period - Shot Blocked by Garnet Exelby.
13:36 of 3rd period - Snap shot by Rich Peverley.
13:36 of 3rd period - Stopped by Dany Sabourin without a rebound.
13:37 of 3rd period - Mike Zigomanis wins face-off versus Darroll Powe in Knights zone.
14:31 of 3rd period - Icing by Ethan Moreau.
14:32 of 3rd period - Darroll Powe wins face-off versus Dan Fritsche in Wolves zone.
15:14 of 3rd period - Minor Penalty to Steve Downie for Cross-checking.
15:15 of 3rd period - Chris Neil wins face-off versus Darroll Powe in Knights zone.
15:18 of 3rd period - Wrist shot by Chris Neil.
15:18 of 3rd period - Stopped by Dany Sabourin with a rebound.
15:28 of 3rd period - Nigel Dawes is hit by Rich Peverley and loses puck.
15:57 of 3rd period - Slapshot by Geoff Sanderson.
15:57 of 3rd period - Shot Blocked by Karlis Skrastins.
16:31 of 3rd period - Darroll Powe is hit by Matt Gilroy and loses puck.
16:55 of 3rd period - Wrist shot by Geoff Sanderson.
16:55 of 3rd period - Goal by Geoff Sanderson - Knights : 4 - Wolves : 7.
16:56 of 3rd period - Rich Peverley wins face-off versus Peter Mueller in neutral zone.
17:01 of 3rd period - Ryan Suter is hit by Philippe Boucher and loses puck.
17:23 of 3rd period - Mats Zuccarello is hit by Tim Crowder and loses puck.
17:42 of 3rd period - Wrist shot by Nigel Dawes.
17:42 of 3rd period - Deflect By Darroll Powe.
17:42 of 3rd period - Shot Misses the Net.
17:42 of 3rd period - Puck is out of play.
17:43 of 3rd period - Nathan Davis wins face-off versus Darroll Powe in Wolves zone.
18:13 of 3rd period - Peter Mueller is hit by Dan Fritsche and loses puck.
19:27 of 3rd period - Karlis Skrastins is hit by Geoff Sanderson and loses puck.
19:36 of 3rd period - Marc-André Gragnani is hit by Nikolai Zherdev and loses puck.
19:47 of 3rd period - Snap shot by Dan Fritsche.
19:47 of 3rd period - Shot Misses the Net.
19:49 of 3rd period - Snap shot by Marc-André Gragnani.
19:49 of 3rd period - Deflect By Jarret Stoll.
19:49 of 3rd period - Stopped by Dany Sabourin with a rebound.
19:51 of 3rd period - Snap shot by Ethan Moreau.
19:51 of 3rd period - Shot Blocked by Jarret Stoll.
19:53 of 3rd period - Wrist shot by Ethan Moreau.
19:53 of 3rd period - Goal by Ethan Moreau - Knights : 4 - Wolves : 8.
19:54 of 3rd period - Rich Peverley wins face-off versus Peter Mueller in neutral zone.
Output by the SimonT Hockey Simulator (STHS) for François Prévost -- Original Page W3C XHTML 1.0 Valid